 Dungeon Crawl Stone Soup version 0.27.0-1-g7a089689b8 (webtiles) character file.

Game seed: 5700667465458621308

80 Brandom the Vexing (level 4, -4/37 HPs)
             Began as a Hill Orc Enchanter on Aug 5, 2021.
             Was a Follower of Uskayaw.
             Killed from afar by Natasha (8 damage)
             ... with a magic dart
             ... on level 3 of the Dungeon.
             The game lasted 00:03:46 (3822 turns).

Brandom the Vexing (Hill Orc Enchanter)             Turns: 3822, Time: 00:03:46

Health: -4/37      AC:  2    Str: 11    XL:     4   Next: 39%
Magic:  6/6        EV: 13    Int: 15    God:    Uskayaw [*.....]
Gold:   86         SH:  5    Dex: 17    Spells: 5/6 levels left

rFire    . . .     SeeInvis .   g - +0 short sword (speed)
rCold    . . .     Faith    .   (no shield)
rNeg     + . .     Spirit   .   b - +0 robe
rPois    .         Reflect  +   (no helmet)
rElec    .         Harm     .   (no cloak)
rCorr    .         Rampage  .   (no gloves)
Will     .....                  (no boots)
Stlth    ++........             i - amulet of reflection
HPRegen  0.12/turn              j - +6 ring of dexterity
MPRegen  0.10/turn              k - ring of positive energy

@: no status effects
A: no striking features
a: Renounce Religion, Stomp


You were on level 3 of the Dungeon.
You worshipped Uskayaw.
Uskayaw was noncommittal.
You visited 1 branch of the dungeon, and saw 3 of its levels.

You collected 86 gold pieces.

Inventory:

Hand Weapons
 a - a +1 dagger
 g - a +0 short sword of speed (weapon)
   (You found it on level 2 of the Dungeon)
Armour
 b - a +0 robe (worn)
Jewellery
 i - an amulet of reflection (around neck)
   (You found it on level 2 of the Dungeon)
 j - a +6 ring of dexterity (left hand)
   (You found it on level 2 of the Dungeon)
 k - a ring of positive energy (right hand)
   (You found it on level 2 of the Dungeon)
Scrolls
 c - a scroll of teleportation {unknown}
 d - 4 scrolls of identify {unknown}
 e - 2 scrolls of blinking {unknown}
 l - a scroll of enchant armour {unknown}
Potions
 f - a potion of might {unknown}
 h - a potion of haste {unknown}


   Skills:
 + Level 2.7 Fighting
 - Level 1.0 Short Blades
 + Level 2.6 Dodging
 - Level 2.4 Stealth
 - Level 1.5 Spellcasting
 - Level 3.0 Hexes
 + Level 2.1 Invocations


You had 5 spell levels left.
You knew the following spells:

 Your Spells              Type           Power      Damage    Failure   Level
a - Corona                Hex            11%        N/A       7%          1

Your spell library contained the following spells:

 Spells                   Type           Power      Damage    Failure   Level
 Ensorcelled Hibernation  Hex/Ice        10%        N/A       19%         2
 Confusing Touch          Hex            10%        N/A       21%         3
 Tukima's Dance           Hex            10%        N/A       21%         3
 Dazzling Flash           Conj/Hex       10%        N/A       36%         3


Dungeon Overview and Level Annotations

Branches:
Dungeon (3/15)

Altars:
Gozag
Uskayaw

Shops:
D:2 :

Annotations:
D:3 Natasha


Message History

No target in view!
No target in view!
No target in view!
No target in view!
No target in view!
No target in view!
No target in view!
No target in view!
No target in view!
No target in view!
No target in view!
No target in view!
No target in view!
No target in view!
You can no longer pass through a line of other dancers.
Natasha, Servant of Life and Death comes into view.
Natasha casts a spell at you. You resist with some effort.
Natasha casts a spell at you. You resist with some effort.
Natasha mumbles some strange words.
You miss Natasha. You hit Natasha but do no damage. Natasha claws you!
You hit Natasha. Natasha barely misses you.
You hit Natasha but do no damage. You block the shadow imp's attack.
You block Natasha's attack.
You barely miss Natasha. You block the shadow imp's attack.
You hit Natasha but do no damage.
Natasha mumbles some strange words.
You feel disoriented. Natasha casts a spell at you. The magic dart hits you!
The shadow imp barely misses you.
You barely miss Natasha. Natasha claws you.
You closely miss Natasha. The shadow imp closely misses you.
You closely miss Natasha. Natasha barely misses you. The shadow imp hits you.
* * * LOW HITPOINT WARNING * * *
You barely miss Natasha. Natasha claws you.
* * * LOW HITPOINT WARNING * * *
The shadow imp hits you.
* * * LOW HITPOINT WARNING * * *
You block the shadow imp's attack. Natasha claws you.
* * * LOW HITPOINT WARNING * * *
Natasha stares at you and mumbles some strange words.
The magic dart hits you!
* * * LOW HITPOINT WARNING * * *
The shadow imp disappears in a puff of smoke!
Natasha stares at you and mumbles some strange words.
The magic dart hits you!
You die...

##..# .... #..# #
#..# .# # #..#
#.#.#.
#..##......
..#####††........
#........@#
..#####h#.# #h#.#
####.#.##..#
#....§.##...
##.##..###..#
#......# #..#
...8#8..# #..#
###.#)#..# #..#


You could see Natasha.

Vanquished Creatures
  Natasha (D:3)
  An adder (D:2)
  3 worms (D:2)
  A dart slug (D:2)
  5 ball pythons
  2 endoplasms
  3 giant cockroaches
  2 goblins
  3 hobgoblins
  2 jackals (D:2)
  3 quokkas
  A bat (D:1)
  5 kobolds
  4 rats
36 creatures vanquished.

Notes
Turn   | Place    | Note
-------+----------+-------------------------------------------
     0 | D:1      | Brandom the Hill Orc Enchanter began the quest for the Orb.
     0 | D:1      | Reached XP level 1. HP: 14/14 MP: 3/3
   437 | D:1      | Reached skill level 1 in Fighting
   551 | D:1      | Reached XP level 2. HP: 11/23 MP: 4/4
   984 | D:1      | Found a faded altar of an unknown god.
   990 | D:1      | Became a worshipper of Uskayaw the Reveller
   990 | D:1      | Reached * piety under Uskayaw
  1732 | D:2      | Reached ** piety under Uskayaw
  1868 | D:2      | HP: 1/24 [worm (7)]
  2158 | D:2      | Reached XP level 3. HP: 14/29 MP: 5/5
  2396 | D:2      | Reached skill level 1 in Invocations
  3051 | D:2      | Found Zuathuq's Book Boutique.
  3591 | D:2      | Found an opulent altar of Gozag.
  3774 | D:3      | Noticed Natasha
  3785 | D:3      | Killed Natasha
  3786 | D:3      | Reached XP level 4. HP: 33/37 MP: 6/6
  3802 | D:3      | Noticed Natasha
  3822 | D:3      | Killed from afar by Natasha

Illustrated notes

Levels and vault maps discovered:
D:1:      minmay_arrival_floating_metal, layout_loops_ring,
          dreamdust_ecumenical_altar_angels_and_demons
D:2:      layout_basic, serial_shops, shop, basic_altar, fountainhead,
          hangedman_glass_teeth
D:3:      layout_loops_ring, fedhas_altar_2, minmay_statues_item, uniq_grinder,
          uniq_natasha

Skill      XL: |  1  2  3 |
---------------+----------+-----
Fighting       | 1 2 |  2.7
Dodging        | 2 |  2.6
Invocations    | 2 |  2.1
Short Blades   | |  1.0
Stealth        | |  2.4
Spellcasting   | |  1.5
Hexes          | |  3.0

Action                   |  1- 3 |  4- 6 || total
-------------------------+-------+-------++-------
Melee: Dagger            |    82 |       ||    82
       Short sword       |   102 |    13 ||   115
 Cast: Corona            |     4 |       ||     4
Invok: Stomp             |     1 |       ||     1
 Stab: Sleeping          |     5 |       ||     5
Armor: Robe              |    16 |       ||    16
Dodge: Dodged            |    89 |     5 ||    94
Block: Other             |    11 |     4 ||    15
       Reflection        |     1 |       ||     1
